 Dungeon Crawl Stone Soup version 0.30-a0-358-g0d69a1922f (webtiles) character file.

Game seed: 5442999734866910544

1707 koil the Purveyor of Pain (level 8, 0/61 HPs)
             Began as a Demonspawn Necromancer on Nov 9, 2022.
             Was an Initiate of Kikubaaqudgha.
             Slain by a two-headed ogre
             ... wielding a +0 giant club
              (22 damage)
             ... on level 7 of the Dungeon.
             The game lasted 00:29:16 (6030 turns).

koil the Purveyor of Pain (Demonspawn Necromancer)  Turns: 6030, Time: 00:29:17

Health: 0/61       AC:  9    Str:  8    XL:     8   Next: 73%
Magic:  15/15      EV: 17    Int: 19    God:    Kikubaaqudgha [......]
Gold:   367        SH:  0    Dex: 14    Spells: 12/16 levels left

rFire   . . .      SeeInvis +    a - +2 mace (vorpal)
rCold   . . .      Faith    .    (no shield)
rNeg    . . .      Spirit   .    i - +0 robe
rPois   .          Reflect  .    (helmet unavailable)
rElec   .          Harm     .    z - +0 cloak
rCorr   .          Rampage  .    j - +1 pair of gloves
Will    .....                    c - +1 pair of boots
Stlth   +++.......               r - amulet of regeneration
HPRegen 1.10/turn                M - +4 ring of evasion
MPRegen 0.14/turn                (no ring)

@: lethally poisoned (0 -> 0)
A: antennae 3, slimy green scales 1, powered by death 2, screaming 1
a: Renounce Religion


You were on level 7 of the Dungeon.
You worshipped Kikubaaqudgha.
Kikubaaqudgha was noncommittal.
You visited 2 branches of the dungeon, and saw 8 of its levels.

You collected 367 gold pieces.

Inventory:

Hand Weapons
 a - a +2 vorpal mace (weapon)
 b - a +0 arbalest
 q - a +0 dagger
Missiles
 n - 5 boomerangs
 o - 17 poisoned darts
Armour
 c - a +1 pair of boots (worn)
 i - a +0 robe (worn)
 j - a +1 pair of gloves (worn)
 z - a +0 cloak (worn)
Jewellery
 r - an amulet of regeneration (around neck)
 s - a ring of flight
 M - a +4 ring of evasion (left hand)
 N - a ring of fire
 O - a ring of resist corrosion
 P - a ring of ice
Wands
 g - a wand of charming (7)
Scrolls
 e - a scroll of magic mapping
 f - 3 scrolls of fog
 h - a scroll of torment
 k - a scroll of teleportation
 l - a scroll of silence
 L - a scroll of blinking
Potions
 d - a potion of curing
 m - 2 potions of magic
 p - a potion of haste
 u - 2 potions of might
 C - a potion of heal wounds
 D - a potion of flight


   Skills:
 + Level 4.4 Fighting
 + Level 1.5 Short Blades
 + Level 0.4 Ranged Weapons
 + Level 4.6 Dodging
 + Level 5.0 Stealth
 + Level 4.8 Spellcasting
 + Level 1.8 Summonings
 + Level 6.8 Necromancy


You had 12 spell levels left.
You knew the following spells:

 Your Spells              Type           Power      Damage    Failure   Level
a - Necrotise             Necr           100%       1d9       1%          1
b - Vampiric Draining     Necr           30%        2d8       2%          3

Your spell library contained the following spells:

 Spells                   Type           Power      Damage    Failure   Level
 Animate Dead             Necr           30%        N/A       8%          4
 Beastly Appendage        Tmut           8%         N/A       13%         1
 Magic Dart               Conj           16%        1d3       13%         1
 Searing Ray              Conj           8%         2d4       19%         2
 Wereblood                Tmut           4%         N/A       19%         2
 Agony                    Necr           30%        N/A       22%         5
 Spider Form              Tmut/Pois      4%         N/A       36%         3
 Fulminant Prism          Conj/Hex       2%         3d5       77%         4
 Summon Forest            Summ/Tloc      4%         N/A       94%         5
 Eringya's Noxious Bog    Tmut/Pois      2%         N/A       100%        6
 Summon Hydra             Summ           5%         N/A       100%        7


Dungeon Overview and Level Annotations

Branches:
Dungeon (7/15)             Temple (1/1) D:5

Altars:
Ashenzari
Cheibriados
Dithmenos
Fedhas
Gozag
Hepliaklqana
Kikubaaqudgha
Makhleb
Nemelex Xobeh
Okawaru
Qazlal
Ru
Sif Muna
Trog
Uskayaw
Vehumet
Wu Jian
Xom
Yredelemnul

Shops:
D:4 *   D:6 *


Innate Abilities, Weirdness & Mutations

You have a pair of large antennae on your head. (SInv)
You are partially covered in slimy green scales. (AC +2)
You regenerate health from kills.
You occasionally shout uncontrollably at your foes.


Message History

The water moccasin bites you.
You are poisoned.
The water moccasin poisons you!
You closely miss the water moccasin.
You feel very sick.
The water moccasin bites you but does no damage.
The water moccasin closely misses you.
You hit the water moccasin.
The water moccasin is moderately wounded.
You feel very sick.
The water moccasin bites you but does no damage.
The two-headed ogre barely misses you. x2
The water moccasin closely misses you.
You feel sick. The water moccasin bites you.
You are more poisoned.
The water moccasin poisons you!
You feel very sick.
The water moccasin completely misses you.
The two-headed ogre attacks as you move away!
The two-headed ogre hits you with a +0 giant club.
The two-headed ogre hits you with a +0 dire flail!
You feel very sick.
You feel very sick.
The water moccasin completely misses you.
The water moccasin attacks as you move away!
The water moccasin barely misses you.
You feel sick.
The water moccasin attacks as you move away!
The water moccasin bites you but does no damage.
You feel very sick.
You feel sick. The water moccasin barely misses you.
You feel sick.
You feel sick. The water moccasin closely misses you.
The water moccasin attacks as you move away!
The water moccasin bites you but does no damage.
You feel sick.
There is a stone staircase leading up here.
You feel sick. The water moccasin closely misses you.
The two-headed ogre hits you with a +0 giant club!!
You die...
Kikubaaqudgha rasps: "You have failed me!
Welcome... death!"

..........#.......
.............#
.............##
...........รท..##
...............##
.............#..##
.....##......##..###
######.........S...#
#.........O@..#
#..........####
############


You could see a two-headed ogre and a water moccasin.

Vanquished Creatures
  A steam dragon (D:6)
  2 black bears
  An ogre (D:5)
  A phantom (D:4)
  A kobold brigand (D:5)
  3 bullfrogs
  3 scorpions
  A necrophage (D:5)
  2 wights
  A howler monkey (D:7)
  A jelly (D:4)
  Crazy Yiuf (D:2)
  2 orc priests
  5 hounds
  2 iguanas (D:5)
  An orc wizard (D:4)
  3 gnolls (D:5)
  9 adders
  A shadow imp (D:4)
  2 white imps
  An ufetubus (D:6)
  5 dart slugs
  8 orcs
  7 bats
  7 endoplasms
  6 giant cockroaches
  7 goblins
  11 hobgoblins
  13 jackals
  5 quokkas
  5 ball pythons
  4 frilled lizards (D:1)
  11 kobolds
  6 rats
  2 plants (D:4)
141 creatures vanquished.

Notes
Turn   | Place    | Note
-------+----------+-------------------------------------------
     0 | D:1      | koil the Demonspawn Necromancer began the quest for the
                  | Orb.
     0 | D:1      | Reached XP level 1. HP: 13/13 MP: 3/3
   145 | D:1      | Gained mutation: You regenerate a little health from kills.
                  | [demonic ancestry]
   145 | D:1      | Reached XP level 2. HP: 19/20 MP: 3/5
   611 | D:1      | Found a faded altar of an unknown god.
   747 | D:1      | Gained mutation: You regenerate health from kills. [demonic
                  | ancestry]
   747 | D:1      | Reached XP level 3. HP: 25/25 MP: 1/6
   832 | D:1      | Reached skill level 1 in Fighting
  1112 | D:2      | Identified the +0 robe of Dithmenos's Esteem {Will++ Int-3
                  | Dex+3}
  1169 | D:2      | Gained mutation: You have a pair of small antennae on your
                  | head. [demonic ancestry]
  1169 | D:2      | Reached XP level 4. HP: 29/32 MP: 7/7
  1238 | D:2      | Found a runed translucent door.
  1239 | D:2      | Noticed Crazy Yiuf
  1603 | D:2      | Killed Crazy Yiuf
  1744 | D:3      | Learned a level 3 spell: Vampiric Draining
  2066 | D:3      | Gained mutation: You are partially covered in slimy green
                  | scales. (AC +2) [demonic ancestry]
  2066 | D:3      | Reached XP level 5. HP: 30/38 MP: 9/9
  2114 | D:3      | Reached skill level 5 in Necromancy
  2592 | D:4      | Gained mutation: You have a pair of antennae on your head.
                  | [demonic ancestry]
  2592 | D:4      | Reached XP level 6. HP: 32/44 MP: 3/10
  2597 | D:4      | Learned a level 1 spell: Magic Dart
  3062 | D:4      | Found Laosovot's Gadget Gallery.
  3454 | D:5      | Entered Level 5 of the Dungeon
  3591 | D:5      | Reached XP level 7. HP: 51/51 MP: 6/12
  3715 | D:5      | Found a staircase to the Ecumenical Temple.
  3966 | D:5      | Reached skill level 6 in Necromancy
  4332 | D:5      | Found a stormy altar of Qazlal.
  4332 | D:5      | Found a shimmering blue altar of Sif Muna.
  4573 | D:5      | Gained mutation: You have a pair of large antennae on your
                  | head. (SInv) [demonic ancestry]
  4573 | D:5      | Reached XP level 8. HP: 60/60 MP: 6/14
  4719 | Temple   | Entered the Ecumenical Temple
  5059 | Temple   | Became a worshipper of Kikubaaqudgha
  5161 | Temple   | Gained mutation: You are frail. (-10% HP) [potion of
                  | mutation]
  5162 | Temple   | Lost mutation: You are frail. (-10% HP) [potion of
                  | mutation]
  5162 | Temple   | Gained mutation: You occasionally shout uncontrollably at
                  | your foes. [potion of mutation]
  5393 | D:6      | Reached skill level 1 in Summonings
  5470 | D:6      | Found Bofeun's Bounteous Boutique.
  5653 | D:6      | Reached skill level 1 in Short Blades
  5755 | D:7      | Noticed a two-headed ogre
  5791 | D:6      | Reached skill level 5 in Stealth
  6030 | D:7      | Slain by a two-headed ogre

Illustrated notes

Levels and vault maps discovered:
D:1:      eino_arrival_water_cross, layout_loops_ring, basic_ecumenical_altar
D:2:      layout_rooms, uniq_crazy_yiuf_cottage
D:3:      layout_rooms
D:4:      layout_loops_ring, chequers_big_river,
          corexii_item_surrounded_by_moat, nicolae_shop_gadgets
D:5:      layout_basic, amethyst_overflow_temple_binary,
          minmay_temple_entry_trees
D:6:      layout_gridville, nicolae_alphabet_shops
D:7:      layout_rooms, minmay_misc_feat_doors
Temple:   mainiacjoe_temple_cubbyholes

Skill      XL: |  1  2  3  4  5  6  7  8 |
---------------+-------------------------+-----
Stealth        | 2 3 4 5 |  5.0
Dodging        | 2 3 4 |  4.6
Fighting       | 1 2 3 4 |  4.4
Necromancy     | 5 6 |  6.8
Spellcasting   | 3 4 |  4.8
Summonings     | 1 |  1.8
Short Blades   | 1 |  1.5
Ranged Weapons | |  0.4

Action                   |  1- 3 |  4- 6 |  7- 9 || total
-------------------------+-------+-------+-------++-------
Melee: Unarmed           |    19 |       |       ||    19
       Mace              |    15 |   118 |    67 ||   200
       Punch             |       |     1 |     4 ||     5
       Dagger            |       |       |   106 ||   106
 Fire: Arbalest          |       |       |     3 ||     3
 Cast: Necrotise         |    47 |    58 |    78 ||   183
       Magic Dart        |       |     7 |     6 ||    13
  Use: Scroll            |       |       |    18 ||    18
       Potion            |       |       |     6 ||     6
 Stab: Sleeping          |       |    10 |     3 ||    13
Armor: Robe              |    34 |    58 |    91 ||   183
Dodge: Dodged            |    44 |   116 |   281 ||   441

Table legend: (Time is in decaauts)
 A = Elapsed time spent in this place.
 B = Non-inter-level travel time spent in this place.
 C = Inter-level travel time spent in this place.
 D = Time resting spent in this place.
 E = Time spent auto-exploring this place.
 F = Levels seen in this place.
 G = Mean time per level.
                   A        B        C        D        E       F      G
               +--------+--------+--------+--------+--------+-----+--------+
         Total |   6148 |   5794 |    354 |    140 |   4158 |   8 |  768.5 |
       Dungeon |   5660 |   5371 |    289 |     71 |   3856 |   7 |  808.6 |
        Temple |    488 |    423 |     65 |     69 |    302 |   1 |  488.0 |
               +--------+--------+--------+--------+--------+-----+--------+

Top non-repeatable levels by time:
     D:4: 1442 daAuts
     D:5: 1136 daAuts
     D:1: 952 daAuts
     D:2: 811 daAuts
     D:6: 701 daAuts
     D:3: 518 daAuts
  Temple: 488 daAuts
     D:7: 96 daAuts
